 Dungeon Crawl Stone Soup version 0.29.1-13-g9f3cf754e1 (webtiles) character file.

Game seed: 9582794183526095697

998 bjubeck the Trooper (level 8, -5/73 HPs)
             Began as a Minotaur Fighter on Feb 2, 2023.
             Slain by Pikel
             ... wielding a +2 whip of freezing
              (6 damage)
             ... on level 5 of the Dungeon.
             The game lasted 00:11:21 (4328 turns).

bjubeck the Trooper (Minotaur Fighter)              Turns: 4328, Time: 00:11:22

Health: -5/73      AC: 10    Str: 20    XL:     8   Next: 0%
Magic:  7/7        EV: 10    Int:  5    God:
Gold:   392        SH:  5    Dex: 13    Spells: 7/7 levels left

rFire   . . .      SeeInvis .   a - +0 war axe
rCold   + . .      Faith    .   c - +0 buckler
rNeg    . . .      Spirit   .   k - +2 ring mail {rC+}
rPois   .          Reflect  .   (helmet restricted)
rElec   .          Harm     .   (no cloak)
rCorr   .          Rampage  .   l - +0 pair of gloves
Will    .....                   (no boots)
Stlth   +.........              (no amulet)
HPRegen 0.22/turn               (no ring)
MPRegen 0.10/turn               (no ring)

@: no status effects
A: horns 2, retaliatory headbutt
a: no special abilities


You were on level 5 of the Dungeon.
You visited 1 branch of the dungeon, and saw 5 of its levels.

You collected 392 gold pieces.

Inventory:

Hand Weapons
 a - a +0 war axe (weapon)
Missiles
 r - 4 poisoned darts (quivered)
 s - 3 boomerangs
Armour
 b - a +0 scale mail
 c - a +0 buckler (worn)
 k - a +2 ring mail of cold resistance (worn)
 l - a +0 pair of gloves (worn)
Scrolls
 e - 2 scrolls of fear {unknown}
 f - a scroll of summoning {unknown}
 g - 2 scrolls of poison {unknown}
 i - a scroll of teleportation {unknown}
 j - a scroll of blinking {unknown}
 n - 4 scrolls of noise {unknown}
 o - 4 scrolls of identify {unknown}
 q - a scroll of silence {unknown}
 t - a scroll of enchant weapon {unknown}
 w - a scroll of enchant armour {unknown}
Potions
 d - 2 potions of might
 h - 2 potions of lignification {unknown}
 m - a potion of curing
 p - a potion of haste {unknown}
 v - a potion of magic {unknown}
 x - a potion of mutation {unknown}


   Skills:
 + Level 7.3 Fighting
 + Level 6.7 Axes
 + Level 7.3 Armour
 - Level 3.6 Shields


You had 7 spell levels left.
You didn't know any spells.
Your spell library contained the following spells:

 Spells                   Type           Power      Damage    Failure   Level
 Blink                    Tloc           0%         N/A       86%         2
 Manifold Assault         Tloc           0%         N/A       100%        5
 Storm Form               Tmut/Air       0%         N/A       100%        7


Dungeon Overview and Level Annotations

Branches:
Dungeon (5/15)
 Temple: D:4-7

Altars:
Dithmenos
Nemelex Xobeh
Qazlal
Sif Muna
The Shining One

Annotations:
D:2 1 runed translucent door, Crazy Yiuf
D:5 Pikel


Innate Abilities, Weirdness & Mutations

You have a pair of horns on your head.
You reflexively headbutt those who attack you in melee.


Message History

The lemure hits you but does no damage. You block the lemure's attack.
Pikel hits you with a +2 whip of freezing.
* * * LOW HITPOINT WARNING * * *
Pikel freezes you.
* * * LOW HITPOINT WARNING * * *
The lemure misses you.
You feel much better. You block the lemure's attack.
The lemure closely misses you. You block Pikel's attack.
The lemure completely misses you.
You hit Pikel but do no damage.
Pikel is heavily wounded.
You hit the lemure. You completely miss the lemure. You hit the lemure.
The lemure hits you. x2
Pikel hits you with a +2 whip of freezing.
Pikel freezes you. The lemure hits you!
* * * LOW HITPOINT WARNING * * *
You hit Pikel but do no damage. Your headbutt misses Pikel.
Pikel is heavily wounded.
You hit the lemure. You miss the lemure. You hit the lemure but do no damage.
You block the lemure's attack. The lemure hits you.
* * * LOW HITPOINT WARNING * * *
Pikel hits you with a +2 whip of freezing.
* * * LOW HITPOINT WARNING * * *
The lemure hits you!
* * * LOW HITPOINT WARNING * * *
You feel much better.
The lemure hits you but does no damage. x2
You block Pikel's attack. The lemure hits you but does no damage.
You hit Pikel.
Pikel is severely wounded.
You barely miss the lemure. x2; You completely miss the lemure.
The lemure hits you but does no damage. x2
Pikel hits you with a +2 whip of freezing!
* * * LOW HITPOINT WARNING * * *
Pikel freezes you.
* * * LOW HITPOINT WARNING * * *
The lemure hits you.
* * * LOW HITPOINT WARNING * * *
The lemure misses you. The lemure barely misses you.
Pikel hits you with a +2 whip of freezing.
You die...

###.### ###.....###
###.........### .##
###.............##
...#####................#
........................#
...........5............#
.........#5K5...........##
....$...###@5.........)..# #
.....55..###.........##..###
.....K...# #........###...#.
...5.....# ##......## ##....
........$. #....### ###....
...5......# ##..## ###.)....
.......!..# #######..).....
..........# ###...#......
........... ###)..##.......


You could see Pikel and 4 lemures.

Vanquished Creatures
  Sigmund (D:3)
  Eustachio (D:4)
  Blork the orc (D:5)
  2 scorpions (D:5)
  A howler monkey (D:5)
  2 hounds
  An orc priest (D:5)
  Terence (D:2)
  An iguana (D:4)
  Natasha (thrice) (D:4)
  4 orc wizards
  Robin (D:2)
  3 gnolls (D:3)
  2 adders
  An ufetubus (D:5)
  A worm (D:2)
  12 orcs
  8 endoplasms
  2 giant cockroaches
  19 goblins
  8 hobgoblins
  3 jackals (D:2)
  7 ball pythons
  9 bats
  A frilled lizard (D:3)
  7 kobolds
  9 rats
111 creatures vanquished.

Notes
Turn   | Place    | Note
-------+----------+-------------------------------------------
     0 | D:1      | bjubeck the Minotaur Fighter began the quest for the Orb.
     0 | D:1      | Reached XP level 1. HP: 19/19 MP: 0/0
   246 | D:1      | Reached XP level 2. HP: 24/27 MP: 1/1
   316 | D:1      | Found a faded altar of an unknown god.
   635 | D:2      | Noticed Terence
   645 | D:2      | Killed Terence
   646 | D:2      | Reached XP level 3. HP: 27/33 MP: 2/2
  1132 | D:2      | Noticed Robin
  1138 | D:2      | Reached XP level 4. HP: 31/41 MP: 3/3
  1143 | D:2      | Killed Robin
  1363 | D:2      | Found a runed translucent door.
  1364 | D:2      | Noticed Crazy Yiuf
  1910 | D:3      | Reached skill level 5 in Armour
  1910 | D:3      | Reached XP level 5. HP: 15/47 MP: 4/4
  2138 | D:3      | Reached skill level 5 in Fighting
  2386 | D:3      | Noticed Sigmund
  2395 | D:3      | Killed Sigmund
  2396 | D:3      | Reached XP level 6. HP: 48/57 MP: 5/5
  2682 | D:4      | Noticed Natasha
  2688 | D:4      | Noticed Eustachio
  2691 | D:4      | Killed Natasha
  2692 | D:4      | Reached skill level 5 in Axes
  2821 | D:4      | Noticed Natasha
  2828 | D:4      | Killed Natasha
  2879 | D:4      | Found a shadowy altar of Dithmenos.
  3055 | D:4      | Noticed Natasha
  3221 | D:4      | Killed Natasha
  3222 | D:4      | Reached XP level 7. HP: 48/64 MP: 6/6
  3420 | D:4      | Found a sparkling altar of Nemelex Xobeh.
  3467 | D:4      | Killed Eustachio
  3680 | D:4      | Found a shimmering blue altar of Sif Muna.
  3850 | D:5      | Entered Level 5 of the Dungeon
  4071 | D:5      | Found a glowing golden altar of the Shining One.
  4098 | D:5      | Found a stormy altar of Qazlal.
  4106 | D:5      | Noticed Blork the orc
  4113 | D:5      | Killed Blork the orc
  4304 | D:5      | Noticed Pikel
  4320 | D:5      | Reached XP level 8. HP: 32/73 MP: 7/7
  4326 | D:5      | HP: 3/73 [lemure[Pikel] (8)]
  4328 | D:5      | HP: 1/73 [lemure[Pikel] (2)]
  4328 | D:5      | Slain by Pikel

Illustrated notes

Levels and vault maps discovered:
D:1:      scummos_arrival_forest, layout_rooms,
          shapermc_ecumenical_altar_totnotflames, minmay_distorted
D:2:      minmay_wonky_spiral, layout_basic, uniq_robin, uniq_terence,
          uniq_crazy_yiuf_cottage
D:3:      layout_basic, uniq_sigmund
D:4:      layout_loops_ring, nemelex_diamond_rough_becter,
          mainiacjoe_overflow_cross_hatched, led_sif_pool, uniq_eustachio,
          uniq_natasha
D:5:      layout_cave_pods, marbit_many_paths,
          nicolae_hepliaklqana_monster_ancestors,
          mainiacjoe_overflow_tiny_flanked, corexii_checkpoint_a, minivault_4,
          uniq_pikel, uniq_blork_the_orc

Skill      XL: |  1  2  3  4  5  6  7 |
---------------+----------------------+-----
Armour         | 4 5 6 7 |  7.3
Fighting       | 4 5 6 7 |  7.3
Axes           | 3 4 5 6 |  6.7
Shields        | |  3.6

Action                   |  1- 3 |  4- 6 |  7- 9 || total
-------------------------+-------+-------+-------++-------
Melee: War axe           |    59 |   125 |    76 ||   260
       Headbutt          |     6 |    13 |    12 ||    31
Throw: Dart              |       |    10 |    11 ||    21
       Boomerang         |       |     3 |     4 ||     7
  Use: Potion            |       |       |     2 ||     2
Armor: Scale mail        |    13 |       |       ||    13
       Ring mail         |    28 |    83 |    41 ||   152
Dodge: Dodged            |    34 |    60 |    33 ||   127
Block: Buckler           |    10 |    22 |    28 ||    60
